 Dungeon Crawl Stone Soup version 0.21-a0-344-g2144152 (webtiles) character file.

23 tidbits the Charmwright (level 2, -8/26 HPs)
             Began as a Gnoll Skald on Oct 4, 2017.
             Mangled by a worm (9 damage)
             ... on level 2 of the Dungeon.
             The game lasted 00:00:55 (123 turns).

tidbits the Charmwright (Gnoll Skald)                Turns: 123, Time: 00:00:55

Health: -8/26      AC:  3    Str: 13    XL:     2   Next: 95%
Magic:  1/7        EV: 14    Int: 15    God:
Gold:   8          SH:  0    Dex: 14    Spells: 5/10 levels left

rFire    . . .     SeeInvis .   a - +0 hand axe
rCold    . . .     Gourm    .   (no shield)
rNeg     . . .     Faith    .   b - +0 leather armour
rPois    .         Spirit   .   (no helmet)
rElec    .         Reflect  .   (no cloak)
rCorr    .         Harm     .   (no gloves)
MR       .....                  (no boots)
Stlth    +.........             (no amulet)
HPRegen  0.08/turn              (no ring)
MPRegen  0.10/turn              (no ring)

@: lethally poisoned (-8 -> -15), infused
A: distributed training, fangs 1, strong nose
a: no special abilities


You were on level 2 of the Dungeon.
You were not hungry.

You visited 1 branch of the dungeon, and saw 2 of its levels.

You collected 8 gold pieces.

Inventory:

Hand Weapons
 a - a +0 hand axe (weapon)
Armour
 b - a +0 leather armour (worn)
 h - a +0 scale mail
Scrolls
 e - a scroll of identify {unknown}
Potions
 f - 2 potions of curing {unknown}
Books
 c - a book of Battle

   Spells                             Type                      Level
   a - Infusion                       Charms                       1
   b - Shroud of Golubria             Charms/Translocation         2
   c - Song of Slaying                Charms                       2
   d - Spectral Weapon                Hexes/Charms                 3
   e - Regeneration                   Charms/Necromancy            3
Comestibles
 d - a bread ration
 g - a royal jelly


   Skills:
 + Level 4.5 Fighting
 + Level 0.5 Short Blades
 + Level 0.5 Long Blades
 + Level 4.5 Axes
 + Level 0.5 Maces & Flails
 + Level 0.5 Polearms
 + Level 0.5 Staves
 + Level 0.5 Slings
 + Level 0.5 Bows
 + Level 0.5 Crossbows
 + Level 0.5 Throwing
 + Level 2.5 Armour
 + Level 4.5 Dodging
 + Level 0.5 Stealth
 + Level 0.5 Shields
 + Level 0.5 Unarmed Combat
 + Level 4.9 Spellcasting
 + Level 0.5 Conjurations
 + Level 0.5 Hexes
 + Level 6.5 Charms
 + Level 0.5 Summonings
 + Level 0.5 Necromancy
 + Level 0.5 Translocations
 + Level 0.5 Transmutations
 + Level 0.5 Fire Magic
 + Level 0.5 Ice Magic
 + Level 0.5 Air Magic
 + Level 0.5 Earth Magic
 + Level 0.5 Poison Magic
 + Level 0.5 Invocations
 + Level 0.5 Evocations


You had 5 spell levels left.
You knew the following spells:

 Your Spells              Type           Power        Failure   Level  Hunger
g - Shroud of Golubria    Chrm/Tloc      ##........   8%          2    ##.....
i - Infusion              Chrm           ###.         1%          1    None
s - Song of Slaying       Chrm           ###.....     2%          2    ##.....


Dungeon Overview and Level Annotations

Branches:
Dungeon (2/15)

Altars:


Innate Abilities, Weirdness & Mutations

Your experience applies equally to all skills.
You have very sharp teeth.
Your uncanny sense of smell can sniff out nearby items.


Message History

You hit the bat!
You kill the bat!
Things that are here:
a club x2
Your magical infusion is running out.
Found 8 gold pieces.
You see here a whip.
Found 2 silvery potions.
Found a stone staircase leading down.
e - a scroll labeled KOFETUPTU NOHO You are no longer magically infusing your attacks.
f - 2 silvery potions Memorise Song of Slaying, consuming 2 spell levels and leaving 7?
You start memorising the spell.
You continue memorising. x2
You finish memorising.
Spell assigned to 's'.
Memorise Shroud of Golubria, consuming 2 spell levels and leaving 5?
You start memorising the spell.
You continue memorising. x2
You finish memorising.
Spell assigned to 'g'.
You now have 8 gold pieces.
A bat comes into view.
Found a royal jelly.
The bat misses you.
You hit the bat.
You kill the bat!
You see here a bat corpse.
Found a scale mail.
A goblin comes into view. It is wielding a dagger.
Found a stone staircase leading down.
You see here a royal jelly.
Casting: Infusion
Confirm with . or Enter, or press ? or * to list all spells.
You begin infusing your attacks with magical energy.
You closely miss the goblin. The goblin completely misses you.
You hit the goblin!
You kill the goblin!
g - a royal jelly
Things that are here:
a dagger; a goblin corpse You see here a scale mail.
h - a scale mail Unknown command.
Your magical infusion is running out.
There is a stone staircase leading down here.
You climb downwards.
A bat, an adder and 2 giant cockroaches come into view.
Found three items.
Found an escape hatch in the ceiling.
There is a stone staircase leading up here.
You are no longer magically infusing your attacks.
You closely miss the giant cockroach. The giant cockroach closely misses you.
Casting: Infusion
Confirm with . or Enter, or press ? or * to list all spells.
You begin infusing your attacks with magical energy.
The giant cockroach misses you. The giant cockroach closely misses you.
You barely miss the giant cockroach. You hit the giant cockroach.
You kill the giant cockroach!
The giant cockroach misses you.
You hit the giant cockroach!
You kill the giant cockroach!
The adder hisses angrily.
An adder comes into view.
You hit the adder!
The adder is severely wounded.
The adder bites you.
You are poisoned.
The adder poisons you!
You hit the adder.
You kill the adder!
You feel sick.
A worm comes into view.
You barely miss the bat. Your bite misses the bat. You miss the adder.
The bat misses you. The adder barely misses you. The bat completely misses you.
You miss the adder. You hit the bat.
You kill the bat!
You feel sick. The adder bites you.
* * * LOW HITPOINT WARNING * * *
You are more poisoned.
The adder poisons you! The adder closely misses you.
You barely miss the adder. Your bite misses the adder. The adder misses you.
You closely miss the adder.
You feel sick. The adder closely misses you. The adder completely misses you.
You miss the adder. The adder bites you.
* * * LOW HITPOINT WARNING * * *
You are lethally poisoned!
The adder poisons you!
You hit the adder.
The adder is severely wounded.
You hit the worm.
* * * LOW HITPOINT WARNING * * *
You feel sick. The adder closely misses you. The worm closely misses you.
You miss the adder.
The adder is severely wounded.
You hit the worm.
* * * LOW HITPOINT WARNING * * *
You feel sick. The adder barely misses you. The adder bites you.
* * * LOW HITPOINT WARNING * * *
You hit the adder.
The adder is almost dead.
You hit the worm but do no damage. The adder bites you.
* * * LOW HITPOINT WARNING * * *
The worm bites you!
You die...

#?.....#.....
#............
#..........
#.........
#......)#
#.....†.#
#....<..#
#.......#
#..w@...#
#..S....#
...........#
...#.........
.<
########### .
∆


You could see a worm and an adder.

Vanquished Creatures
  An adder (D:2)
  A ball python (D:1)
  3 bats
  2 giant cockroaches (D:2)
  3 goblins (D:1)
  A hobgoblin (D:1)
  A kobold (D:1)
  A rat (D:1)
13 creatures vanquished.

Notes
Turn   | Place    | Note
-------+----------+-------------------------------------------
     0 | D:1      | tidbits the Gnoll Skald began the quest for the Orb.
     0 | D:1      | Reached XP level 1. HP: 20/20 MP: 6/6
    32 | D:1      | Reached XP level 2. HP: 13/26 MP: 0/7
    57 | D:1      | Learned a level 2 spell: Song of Slaying
    60 | D:1      | Learned a level 2 spell: Shroud of Golubria
   122 | D:2      | HP: 2/26 [adder (1)]
   123 | D:2      | Mangled by a worm

Vault maps used:
D:1:      tarquinn_simple_flora_water_c
D:2:      gammafunk_temple_overflow_statue

Action                   || total
-------------------------++-------
Melee: Hand axe          ||    31
 Cast: Infusion          ||     3
Armor: Leather armour    ||     2
Dodge: Dodged            ||    30

Table legend:
 A = Spawn XP
 B = Non-spawn XP
 C = Spawn XP percentage of total XP
 D = Spawn monster count
 E = Non-spawn monster count
 F = Spawn count percentage of total count
 G = Total turns spent on level
                    A         B        C        D         E        F      G
               +---------+---------+-------+---------+---------+-------+---------
         Total |       0 |      33 |   0.0 |       0 |      13 |   0.0 |   123
               +---------+---------+-------+---------+---------+-------+---------
           D:1 |       0 |      15 |   0.0 |       0 |       9 |   0.0 |   102
           D:2 |       0 |      18 |   0.0 |       0 |       4 |   0.0 |    21
               +---------+---------+-------+---------+---------+-------+---------

Table legend:
 A = Turns spent in this place as a percentage of turns spent in the entire game.
 B = Non-inter-level travel turns spent in this place as a percentage of non-inter-level travel turns spent in the entire game.
 C = Inter-level travel turns spent in this place as a percentage of turns spent in this place.
 D = Turns resting spent in this place as a percentage of non-inter-level travel turns spent in this place.
 E = Turns spent auto-exploring this place as a percentage of non-inter-level travel turns spent in this place.
 F = Non-inter-level travel turns spent in this place divided by the number of levels of this place that you've seen.
                   A       B       C       D       E      F
               +-------+-------+-------+-------+-------+----------------------
         Total | 100.0 | 100.0 |   0.0 |   0.0 |   0.0 |  61.5
       Dungeon | 100.0 | 100.0 |   0.0 |   0.0 |   0.0 |  61.5
               +-------+-------+-------+-------+-------+----------------------

Table legend:
 A = Kills in this place as a percentage of kills in entire the game.
 B = Kills by you in this place as a percentage of kills by you in the entire game.
 C = Kills by friends in this place as a percentage of kills by friends in the entire game.
 D = Other kills in this place as a percentage of other kills in the entire game.
 E = Experience gained in this place as a percentage of experience gained in the entire game.
 F = Experience gained in this place divided by the number of levels of this place that you have seen.
                   A       B       C       D       E      F
               +-------+-------+-------+-------+-------+----------------------
         Total | 100.0 | 100.0 |   N/A |   N/A | 100.0 |  16.5
       Dungeon | 100.0 | 100.0 |   N/A |   N/A | 100.0 |  16.5
               +-------+-------+-------+-------+-------+----------------------

Vault maps used:
D:1:      tarquinn_simple_flora_water_c
D:2:      gammafunk_temple_overflow_statue
